Get step-by-step instructions on how to execute this build order below. Start the game timer, and the build order will tick by so you can play in parallel with StarCraft on a second screen or mobile device.

Game Time

  0:00

Last Step

  N/A

Next Step

Upcoming Step



Don't want to look back and forth between 2 screens? Try out our Overwolf App, the Spawning Tool Build Advisor to get an in-game overlay with this build!

Complete Build Order

  12  0:01  Probe (Chrono Boost)  
  13  0:11  Probe (Chrono Boost)  
  14  0:18  Pylon  
  14  0:22  Probe (Chrono Boost)  
  15  0:36  Probe (Chrono Boost)  
  15  0:39  Gateway  
  16  0:47  Probe (Chrono Boost)  
  17  0:50  Assimilator  
  17  0:58  Probe (Chrono Boost), Assimilator  
  18  1:08  Probe (Chrono Boost)  
  19  1:12  Forge  
  19  1:19  Probe (Chrono Boost)  
  20  1:34  Probe (Chrono Boost), Cybernetics Core  
  21  1:45  Probe (Chrono Boost)  
  22  1:56  Probe (Chrono Boost)  
  22  1:58  Photon Cannon  
  23  2:02  Pylon  
  23  2:10  Warp Gate (Chrono Boost)  
  23  2:20  Probe  
  24  2:32  Nexus  
  24  2:36  Probe  
  25  2:44  Pylon  
  25  2:48  Probe  
  25  2:50  Adept  
  28  2:56  Protoss Ground Weapons Level 1 (Chrono Boost)  
  28  3:12  Twilight Council  
  28  3:19  Robotics Facility  
  28  3:22  Probe  
  29  3:30  Stalker  
  31  3:41  Stargate  
  31  3:42  Probe  
  31  3:44  Probe  
  33  3:51  Resonating Glaives (Chrono Boost)  
  33  4:03  Gateway  
  30  4:18  Mothership Core  
  32  4:24  Probe  
  33  4:37  Immortal  
  34  4:46  Adept  
  34  5:18  Pylon  
  34  5:20  Pylon  
  34  5:22  Pylon  
  34  5:27  Protoss Ground Armor Level 1 (Chrono Boost)  
  34  5:36  Probe  
  35  5:43  Nexus  
  35  5:46  Pylon  
  35  5:48  Probe, Pylon  
  36  5:52  Pylon  
  36  5:57  Immortal  
  36  6:00  Probe  
  36  6:03  Adept  
  43  6:07  Adept  
  45  6:13  Pylon  
  45  6:26  Adept  
  45  6:31  Adept  
  49  6:37  Gateway